[Event "23rd ETCC Women 2021"]
[Site "Catez"]
[Date "2021.11.14"]
[Round "3.28"]
[White "Gajcin, Marina"]
[Black "Ciolacu, Alessia-Mihaela"]
[Result "1/2-1/2"]
[ECO "C54"]
[WhiteElo "2198"]
[BlackElo "2263"]
[Annotator "RC"]
[PlyCount "163"]
[EventDate "2021.11.08"]
[EventType "team-tourn"]
[EventCountry "SLO"]
[SourceTitle "playchess.com"]
[Source "ChessBase"]
[SourceQuality "1"]
[WhiteTeam "Serbia"]
[BlackTeam "Romania"]
[WhiteTeamCountry "SRB"]
[BlackTeamCountry "ROU"]
[TimeControl "40/5400+30:1800+30"]

1. e4 e5 2. Nf3 Nc6 3. Bc4 Nf6 4. d3 Bc5 5. c3 a6 6. O-O d6 7. Bb3 Ba7 8. Nbd2 O-O 9. Re1 h6 10. Nf1 Re8 11. Ng3 Be6 12. Bc2 d5 13.
h3 b5 14. d4 Nxe4 15. Nxe4 dxe4 16. Bxe4 Bd5 17. Bxd5 Qxd5 18.
dxe5 Qxd1 19. Rxd1 Nxe5 20. Nxe5 Rxe5 21. Kf1 Rae8 22. Bf4 Re4 23. Bg3 Bb6 24. f3 Re2 25. Re1 Rxe1+ 26. Bxe1 Rd8 27. a4 f5 28. c4 bxc4 29. Rc1 Rd4 30. Ke2 c3 31. b3 Rd6 32. Rxc3 Re6+ 33. Kf1 Ba5 34. Rc1 Bxe1 35. Rxe1 Rc6 36. Re3 Kf7 37. f4 Rc2 38. Re5 g6 39. Ra5 Rb2 40. Rc5 Rxb3 41. Rxc7+ Kf8 42. Rc6 Rb4 43. Rxa6 Rxf4+ 44. Ke2 Kg7 45. g3 Rb4 46. h4 Rb3 47. Kf2 Ra3 48. a5 Ra2+ 49. Kf3 Ra3+ 50. Kg2 Ra2+ 51. Kh3 Ra3 52. Ra7+ Kf6 53. Kg2 Ra2+ 54. Kf3 Ra3+ 55. Kf2 Ra2+ 56. Kf3 Ra3+ 57. Kg2 Ra2+ 58. Kf3 Ra3+ 59. Kf2 Ra2+ 60. Ke3 Ra3+ 61. Kf2 Ra2+ 62. Kg1 Ra1+ 63. Kh2 Ra2+ 64. Kh3 Ra3 65. Ra6+ Kg7 66. h5 gxh5 67. Kh4 Ra1 68. Kh3 Ra2 69. Ra7+ Kg6 70. a6 Kf6 71. Ra8 Kg6 72. Rg8+ Kf7 73. Ra8 Kf6 74. Rf8+ Kg6 75. Ra8 Kg7 76. a7 Kh7 77. Rf8 Rxa7 78. Rxf5 Kg6 79. Rf8 Ra2 80. Rg8+ Kf5 81. Rf8+ Kg5 82. Rf4 1/2-1/2

[Event "23rd ETCC Women 2021"]
[Site "Catez"]
[Date "2021.11.14"]
[Round "3.29"]
[White "Peng, Zhaoqin"]
[Black "Tsolakidou, Stavroula"]
[Result "1/2-1/2"]
[ECO "D46"]
[WhiteElo "2351"]
[BlackElo "2377"]
[Annotator "ChessBase"]
[PlyCount "107"]
[EventDate "2021.11.08"]
[EventType "team-tourn"]
[EventCountry "SLO"]
[SourceTitle "playchess.com"]
[Source "ChessBase"]
[SourceQuality "1"]
[WhiteTeam "Netherlands"]
[BlackTeam "Greece"]
[WhiteTeamCountry "NED"]
[BlackTeamCountry "GRE"]
[TimeControl "40/5400+30:1800+30"]

1. d4 d5 2. Nf3 Nf6 3. c4 c6 4. Nc3 e6 5. e3 Nbd7 6. Qc2 Bd6 7. Bd3 dxc4 8. Bxc4 b5 9. Be2 O-O 10. O-O Bb7 11. e4 e5 12. Bg5 Qc7 13.
Rac1 Rac8 14. Qd2 Qb8 15. Bxf6 Nxf6 16. dxe5 Bxe5 17. Nxe5 Qxe5 18. f4 Nxe4 19. fxe5 Nxd2 20. Rfd1 Rcd8 21. Rc2 Nc4 22. Bxc4 bxc4 23. Rxd8 Rxd8 24. Ne4 Rd4 25. Nd6 Ba6 26. Nf5 Rd1+ 27. Kf2 c3 28. Ne3 Rd2+ 29. Rxd2 cxd2 30. Nd1 Kf8 31. Ke3 Ke7 32. Kxd2 Ke6 33. Ke3 Kxe5 34. h4 Bc4
35. b3 Bd5 36. g3 Be4 37. Nc3 Bf5 38. b4 Be6 39. a3 f5 40.
Ne2 g6 41. Nd4 Bd5 42. Ne2 Bc4 43. Nd4 Kd5 44. Nf3 h6 45. Nd4 Bb5 46. h5 gxh5 47. Nxf5 Kc4 48. Nxh6 Kb3 49. Kd4 Kxa3 50. Kc5 Kb3 51. Nf5 Kc3 52. Ng7 Be2 53. Ne6 Bf3 54. Nf4 1/2-1/2

[Event "23rd ETCC Women 2021"]
[Site "Catez"]
[Date "2021.11.14"]
[Round "3.30"]
[White "Avramidou, Anastasia"]
[Black "Roebers, Eline"]
[Result "1-0"]
[ECO "A87"]
[WhiteElo "2217"]
[BlackElo "2304"]
[Annotator "ChessBase"]
[PlyCount "41"]
[EventDate "2021.11.08"]
[EventType "team-tourn"]
[EventCountry "SLO"]
[SourceTitle "playchess.com"]
[Source "ChessBase"]
[SourceQuality "1"]
[WhiteTeam "Greece"]
[BlackTeam "Netherlands"]
[WhiteTeamCountry "GRE"]
[BlackTeamCountry "NED"]
[TimeControl "40/5400+30:1800+30"]

1. d4 f5 2. Nf3 Nf6 3. c4 g6 4. g3 Bg7 5. Bg2 O-O 6. O-O d6 7. Nc3 Qe8 8. Re1 Qf7 9. e4 fxe4 10. Nxe4 Qxc4 11. Nxf6+ Bxf6 12. Bh6 Re8 13. Ne5 Qe6 14. Nxg6 Qf7 15. Nf4 Nc6 16. Bd5 e6 17. Nxe6 Nb4 18. Ng5 Rxe1+ 19. Qxe1 Nxd5 20. Nxf7 Kxf7 21. Qe4 1-0

[Event "23rd ETCC Women 2021"]
[Site "Catez"]
[Date "2021.11.14"]
[Round "3.31"]
[White "Ratsma, Rosa"]
[Black "Pavlidou, Ekaterini"]
[Result "0-1"]
[ECO "C54"]
[WhiteElo "2272"]
[BlackElo "2172"]
[Annotator "NA"]
[PlyCount "70"]
[EventDate "2021.11.08"]
[EventType "team-tourn"]
[EventCountry "SLO"]
[SourceTitle "playchess.com"]
[Source "ChessBase"]
[SourceQuality "1"]
[WhiteTeam "Netherlands"]
[BlackTeam "Greece"]
[WhiteTeamCountry "NED"]
[BlackTeamCountry "GRE"]
[TimeControl "40/5400+30:1800+30"]

1. e4 e5 2. Nf3 Nc6 3. Bc4 Bc5 4. c3 Nf6 5. d4 exd4 6. e5 d5 7. Bb5 Ne4 8. cxd4 Bb4+ 9. Bd2 Bxd2+ 10. Nbxd2 O-O 11. Rc1 Ne7 12. Qc2 Nxd2 13. Nxd2 Nf5 14. Qc3 Qh4 15. Nf3 Qe4+ 16. Kd1 Nh4 17. Nxh4 Qxh4 18. Qe3 Qg4+ 19. Kd2 c5 20. Rxc5 Qxg2 21. Rhc1 Be6 22. Qg3 Qe4 23. Qe3 Qg2 24. Rc7 f6 25. Re7 fxe5 26. Rxe6 Rxf2+ 27. Be2 e4 28. Re5 Raf8 29. Rc7 h6 30. Ree7 R8f3 31. Rxg7+ Qxg7 32. Rxg7+ Kxg7 33. Ke1 Rxe3 34. Kxf2 Rxe2+ 35. Kxe2 Kf6 0-1

[Event "23rd ETCC Women 2021"]
[Site "Catez"]
[Date "2021.11.14"]
[Round "3.32"]
[White "Markantonaki, Haritomeni"]
[Black "Lanchava, Tea"]
[Result "0-1"]
[ECO "B06"]
[WhiteElo "2174"]
[BlackElo "2215"]
[Annotator "NA"]
[PlyCount "68"]
[EventDate "2021.11.08"]
[EventType "team-tourn"]
[EventCountry "SLO"]
[SourceTitle "playchess.com"]
[Source "ChessBase"]
[SourceQuality "1"]
[WhiteTeam "Greece"]
[BlackTeam "Netherlands"]
[WhiteTeamCountry "GRE"]
[BlackTeamCountry "NED"]
[TimeControl "40/5400+30:1800+30"]

1. e4 g6 2. d4 d6 3. Nc3 a6 4. a4 Bg7 5. f4 Nc6 6. d5 Nb4 7. Nf3 c6 8. dxc6 bxc6 9. a5 Nf6 10. Bd3 O-O 11. O-O c5 12. Bd2 Bb7 13. Qe2 Qc7 14. e5 dxe5 15. Nxe5 Nxd3 16. cxd3 Nd7 17. Nc4 Qc6 18. Ne4 f5 19. Ng5 e5 20. Bc3 Rae8 21. Qc2 exf4 22. Bxg7 Kxg7 23. Nh3 Nf6 24. Nxf4 g5 25. Nh3 Kg6 26. d4 Ng4 27. d5 Qxd5 28. Rad1 Qe4 29. Qxe4 Rxe4 30. Rd7 Bc6 31. Rd6+ Rf6 32. b3 Rxd6 33. Nxd6 Re2 34. Rxf5 Rxg2+ 0-1

[Event "23rd ETCC Women 2021"]
[Site "Catez"]
[Date "2021.11.14"]
[Round "3.33"]
[White "Goossens, Hanne"]
[Black "Petrova, Kristyna"]
[Result "1/2-1/2"]
[ECO "C54"]
[WhiteElo "2126"]
[BlackElo "2275"]
[Annotator "ChessBase"]
[PlyCount "130"]
[EventDate "2021.11.08"]
[EventType "team-tourn"]
[EventCountry "SLO"]
[SourceTitle "playchess.com"]
[Source "ChessBase"]
[SourceQuality "1"]
[WhiteTeam "Belgium"]
[BlackTeam "Czech Republic"]
[WhiteTeamCountry "BEL"]
[BlackTeamCountry "CZE"]
[TimeControl "40/5400+30:1800+30"]

1. e4 e5 2. Nf3 Nc6 3. Bc4 Bc5 4. c3 Nf6 5. d3 O-O 6. O-O d5 7. exd5 Nxd5 8. Re1 Bg4 9. h3 Bh5 10. Nbd2 Nb6 11. Ne4 Bd6 12. Bg5 Qc8 13. Bb3 Kh8 14. Ng3 Bxf3 15.
Qxf3 f6 16. Be3 f5 17. Ne2 Qe8 18. Bxb6 axb6 19. Nf4 Na5 20. Bc2 Qc6 21. Qxc6 Nxc6 22. Ne6 Rf6 23. Ng5 h6 24. Nf3 b5 25. a3 g5 26. Bb3 Re8 27. Re2 e4 28. Rae1 Ne5 29. Nxe5 Rxe5 30. dxe4 fxe4 31. Bc2 Bc5 32. Bxe4 c6 33. Bf3 Rxe2 34. Rxe2 Kg7 35. Bg4 Rf7 36. g3 Kf6 37. Kg2 Re7 38. Rd2 Kg6 39. Bd1 Kg7 40. Bh5 Rc7 41. Be2 Rf7 42. Bf3 Re7 43. Kf1 Rf7 44. Be4 Re7 45. Bc2 Rf7 46. Kg2 Rc7 47. a4 bxa4 48. Bxa4 Rf7 49. Bd1 Rc7 50. Bh5 Re7 51. b4 Bb6 52. c4 Bc7 53. Bf3 Be5 54. b5 cxb5 55. cxb5 b6 56. Bc6 Bc3 57. Rc2 Bd4 58. Rd2 Bc5 59. Rd7 Rxd7 60. Bxd7 Kf6 61. f4 gxf4 62. gxf4 Be3 63. Kf3 Bc1 64. Kg4 Bd2 65. Kf3 Bc1 1/2-1/2

[Event "23rd ETCC Women 2021"]
[Site "Catez"]
[Date "2021.11.14"]
[Round "3.34"]
[White "Miturova, Magdalena"]
[Black "Barbier, Wiebke"]
[Result "1-0"]
[ECO "A41"]
[WhiteElo "2248"]
[BlackElo "1964"]
[Annotator "NA"]
[PlyCount "47"]
[EventDate "2021.11.08"]
[EventType "team-tourn"]
[EventCountry "SLO"]
[SourceTitle "playchess.com"]
[Source "ChessBase"]
[SourceQuality "1"]
[WhiteTeam "Czech Republic"]
[BlackTeam "Belgium"]
[WhiteTeamCountry "CZE"]
[BlackTeamCountry "BEL"]
[TimeControl "40/5400+30:1800+30"]

1. Nf3 d6 2. d4 Bg4 3. e4 Nf6 4. Nc3 e6 5. h3 Bxf3 6. Qxf3 d5 7. Bg5 Be7 8. Bxf6 Bxf6 9. exd5 O-O 10. O-O-O exd5 11. Nxd5 Bg5+ 12. Kb1 c6 13. Nc3 a5 14. h4 Be7 15. Bd3 Nd7 16. g4 a4 17. g5 Nb6 18. Qe4 g6 19. h5 Kg7 20. hxg6 hxg6 21. Rh7+ Kg8 22. Rdh1 Bf6 23. Rh8+ Bxh8 24. Qh4 1-0

[Event "23rd ETCC Women 2021"]
[Site "Catez"]
[Date "2021.11.14"]
[Round "3.35"]
[White "Vanduyfhuys, Daria"]
[Black "Richterova, Natasa"]
[Result "1-0"]
[ECO "D19"]
[WhiteElo "1933"]
[BlackElo "2185"]
[Annotator "NA"]
[PlyCount "87"]
[EventDate "2021.11.08"]
[EventType "team-tourn"]
[EventCountry "SLO"]
[SourceTitle "playchess.com"]
[Source "ChessBase"]
[SourceQuality "1"]
[WhiteTeam "Belgium"]
[BlackTeam "Czech Republic"]
[WhiteTeamCountry "BEL"]
[BlackTeamCountry "CZE"]
[TimeControl "40/5400+30:1800+30"]

1. d4 d5 2. c4 c6 3. Nf3 Nf6 4. Nc3 dxc4 5. a4 Bf5 6. e3 e6 7. Bxc4 Nbd7 8. O-O Bb4 9. Qe2 Bg6 10. e4 O-O 11. e5 Nd5 12. Bg5 Be7 13.
Bxe7 Qxe7 14. Ne4 N7b6 15.
Bxd5 cxd5 16. Nc5 Bh5 17. a5 Bxf3 18. Qxf3 Nc4 19. Qe2 b6 20. axb6 axb6 21. Nd3 Na5 22. Ra4 Nc6 23. Rfa1 Nxd4 24. Qd1 Rxa4 25. Qxa4 Nf5 26. Qc6 Rb8 27. Ra6 Qd8 28. h3 Ne7 29. Qd6 Qc8 30. Rxb6 Rxb6 31. Qxb6 g6 32. Nc5 Nc6 33. f4 Qa8 34. Kh2 Nd4 35. b4 Kg7 36. Nb7 Qa1 37. Nd6 Ne2 38. Qf2 Nc3 39. Qh4 Ne4 40. Ne8+ Kf8 41. Qd8 Ng5 42. Nf6+ Kg7 43. Qg8+ Kh6 44. Qf8# 1-0

[Event "23rd ETCC Women 2021"]
[Site "Catez"]
[Date "2021.11.14"]
[Round "3.36"]
[White "Nemcova, Karin"]
[Black "Dierckens, Sarah"]
[Result "1/2-1/2"]
[ECO "B75"]
[WhiteElo "2169"]
[BlackElo "1795"]
[Annotator "NA"]
[PlyCount "56"]
[EventDate "2021.11.08"]
[EventType "team-tourn"]
[EventCountry "SLO"]
[SourceTitle "playchess.com"]
[Source "ChessBase"]
[SourceQuality "1"]
[WhiteTeam "Czech Republic"]
[BlackTeam "Belgium"]
[WhiteTeamCountry "CZE"]
[BlackTeamCountry "BEL"]
[TimeControl "40/5400+30:1800+30"]

1. e4 c5 2. Nf3 d6 3. d4 cxd4 4. Nxd4 Nf6 5. Nc3 g6 6. Be3 Bg7 7. f3 a6 8. Qd2 Nbd7 9. O-O-O b5 10. Bh6 Bxh6 11. Qxh6 Bb7 12. h4 Rc8 13. Kb1 Rxc3 14. bxc3 Qc7 15. g4 Nb6 16. h5 Na4 17. Ne2 Qc5 18. Rd3 g5 19. Kc1 Qc4 20.
Qxg5 Qxa2 21. Ng3 Nb2 22. Kd2 Nc4+ 23. Kd1 Qb1+ 24. Qc1 Nb2+ 25. Kd2 Nc4+ 26. Kd1 Nb2+ 27. Kd2 Nc4+ 28. Kd1 Nb2+ 1/2-1/2

[Event "23rd ETCC Women 2021"]
[Site "Catez"]
[Date "2021.11.14"]
[Round "3.37"]
[White "Repkova, Eva"]
[Black "Dolzhikova, Olga"]
[Result "1-0"]
[ECO "B13"]
[WhiteElo "2307"]
[BlackElo "2187"]
[Annotator "NA"]
[PlyCount "49"]
[EventDate "2021.11.08"]
[EventType "team-tourn"]
[EventCountry "SLO"]
[SourceTitle "playchess.com"]
[Source "ChessBase"]
[SourceQuality "1"]
[WhiteTeam "Slovakia"]
[BlackTeam "Norway"]
[WhiteTeamCountry "SVK"]
[BlackTeamCountry "NOR"]
[TimeControl "40/5400+30:1800+30"]

1. e4 g6 2. d4 Bg7 3. Nf3 c6 4. Bd3 d5 5. exd5 cxd5 6. c3 Nf6 7. O-O O-O 8. h3 Nc6 9. Bf4 a6 10. a4 b6 11. Nbd2 Bb7 12. Qe2 Re8 13. Ne5 Nh5 14. Bh2 Nxe5 15. dxe5 Bh6 16. f4 Ng7 17. Nf3 Ne6 18. f5 Nc5 19. e6 g5 20.
Ne5 fxe6 21. fxe6 Bg7 22. Nf7 Qc8 23. Bxh7+ Kxh7 24. Qh5+ Kg8 25. Nxg5 1-0

[Event "23rd ETCC Women 2021"]
[Site "Catez"]
[Date "2021.11.14"]
[Round "3.38"]
[White "Machlik, Monika"]
[Black "Hagarova, Zuzana"]
[Result "0-1"]
[ECO "A43"]
[WhiteElo "2096"]
[BlackElo "2292"]
[Annotator "ChessBase"]
[PlyCount "116"]
[EventDate "2021.11.08"]
[EventType "team-tourn"]
[EventCountry "SLO"]
[SourceTitle "playchess.com"]
[Source "ChessBase"]
[SourceQuality "1"]
[WhiteTeam "Norway"]
[BlackTeam "Slovakia"]
[WhiteTeamCountry "NOR"]
[BlackTeamCountry "SVK"]
[TimeControl "40/5400+30:1800+30"]

1. d4 Nf6 2. Nf3 g6 3. g3 Bg7 4. Bg2 O-O 5. O-O c5 6. d5 d6 7. Nc3 Na6 8. h3 Rb8 9. a4 Nc7 10. Re1 b6 11. e4 Bb7 12. Nb5 a6 13.
Nxc7 Qxc7 14. Bg5 Rfe8 15. Nd2 h6 16. Be3 e6 17. c4 b5 18.
axb5 axb5 19. b3 exd5 20. exd5 Kh7 21. Rc1 Qd7 22. Qc2 Ra8 23. Kh2 b4 24. Bf4 Nh5 25. Rxe8 Rxe8 26. Be3 f5 27. Bf3 Nf6 28. Bg2 Bc8 29. Qa2 Nh5 30. Nf1 f4 31. gxf4 Rf8 32. f5 Qxf5 33. Qc2 Qe5+ 34. Kg1 Nf4 35. Bxf4 Qxf4 36. Re1 Bf5 37. Qd2 Qh4 38. Qe3 Bd7 39. Qg3 Qf6 40. Re3 Bf5 41. Be4 Qb2 42. Bg2 Be5 43. Qf3 Kg8 44. Qe2 Qa1 45. Qe1 Qd4 46. Ng3 Ra8 47. Qe2 Ra1+ 48. Nf1 Qf4 49. Rg3 Kh7 50. Kh1 h5 51. Qe3 h4 52. Qxf4 Bxf4 53.
Rf3 g5 54. Kg1 Kg7 55. Bh1 Kf6 56. Bg2 Ke5 57. Bh1 Be4 58. Bg2 Rb1 0-1

[Event "23rd ETCC Women 2021"]
[Site "Catez"]
[Date "2021.11.14"]
[Round "3.39"]
[White "Sucikova, Svetlana"]
[Black "Machlik, Edit"]
[Result "1-0"]
[ECO "E00"]
[WhiteElo "2197"]
[BlackElo "2087"]
[Annotator "NA"]
[PlyCount "105"]
[EventDate "2021.11.08"]
[EventType "team-tourn"]
[EventCountry "SLO"]
[SourceTitle "playchess.com"]
[Source "ChessBase"]
[SourceQuality "1"]
[WhiteTeam "Slovakia"]
[BlackTeam "Norway"]
[WhiteTeamCountry "SVK"]
[BlackTeamCountry "NOR"]
[TimeControl "40/5400+30:1800+30"]

1. d4 Nf6 2. c4 e6 3. g3 Bb4+ 4. Bd2 a5 5. Bg2 d6 6. e4 e5 7. Ne2 Nc6 8. d5 Ne7 9. Nbc3 O-O 10. O-O Bc5 11. h3 c6 12. Kh2 Ng6 13. Nc1 Bd4 14. Nd3 Nd7 15.
Ne2 Bb6 16. Qa4 Ne7 17. Rac1 Nc5 18. Nxc5 Bxc5 19. b4 Ba7 20. a3 Bd7 21. Qb3 cxd5 22. exd5 axb4 23. axb4 Nf5 24. Qd3 Rc8 25. f4 Nd4 26. fxe5 dxe5 27. Ra1 Bb6 28. Bc3 Bf5 29. Rxf5 Nxf5 30. Qxf5 Rxc4 31. Be4 g6 32. Qxe5 f6 33. Qe6+ Kg7 34. d6 Rxe4 35. Qxe4 Qxd6 36. Nf4 Kg8 37. Qc4+ Kh8 38. Nd5 Bf2 39. Nf4 Bxg3+ 40. Kxg3 g5 41. Kf3 gxf4 42. Rg1 b5 43. Qc5 Qd8 44. Qd4 Qa8+ 45. Kxf4 Qc6 46. Qc5 Qe8 47. Qd6 Qf7 48. Bd4 h6 49. Rg6 Qxg6 50. Qxf8+ Kh7 51. Bxf6 Qg5+ 52. Bxg5 hxg5+ 53. Ke4 1-0

[Event "23rd ETCC Women 2021"]
[Site "Catez"]
[Date "2021.11.14"]
[Round "3.40"]
[White "Rodsmoen, Maud"]
[Black "Mrvova, Alena"]
[Result "1-0"]
[ECO "B43"]
[WhiteElo "1953"]
[BlackElo "2174"]
[Annotator "ChessBase"]
[PlyCount "139"]
[EventDate "2021.11.08"]
[EventType "team-tourn"]
[EventCountry "SLO"]
[SourceTitle "playchess.com"]
[Source "ChessBase"]
[SourceQuality "1"]
[WhiteTeam "Norway"]
[BlackTeam "Slovakia"]
[WhiteTeamCountry "NOR"]
[BlackTeamCountry "SVK"]
[TimeControl "40/5400+30:1800+30"]

1. e4 c5 2. Nf3 e6 3. d4 cxd4 4. Nxd4 a6 5. Nc3 Qc7 6. Be2 Nf6 7. O-O b5 8. Bf3 Nc6 9. e5 b4 10. Na4 Ng8 11. Nxc6 dxc6 12. Be3 Rb8 13. Nc5 Rb5 14. Ne4 Qxe5 15. c4 bxc3 16. Nxc3 Bd7 17. Nxb5 Qxb5 18. a4 Qb7 19. Bd4 Nf6 20. Bxf6 gxf6 21. Qd4 e5 22. Rfe1 Be7 23. Qd3 Bb4 24. Red1 Ke7 25. Rac1 Rc8 26. Qxh7 Be6 27. Qc2 f5 28. Be2 a5 29. Bc4 Bd7 30. Qe2 Qc7 31. Qh5 Rf8 32. Qg5+ Ke8 33. Bb5 f6 34. Qh5+ Ke7 35. Bc4 Bd6 36. Qh7+ Kd8 37. g3 f4 38. Qd3 Ke7 39. Re1 f5 40. Rcd1 e4 41. Qe2 Rh8 42. g4 Be5 43.
f3 Rh3 44. Rf1 e3 45. g5 Be8 46. Qg2 Rh7 47. Rd3 Qb6 48. Kh1 c5 49. Rd5 Bd4 50. Rxf5 Bg6 51. Rd5 Bf7 52. g6 Qxg6 53. Qxg6 Bxg6 54. Rg5 Be8 55. b3 Bd7 56. Rg6 Rh5 57. Bb5 Bf5 58. Ra6 Bc3 59. Rc1 Bb4 60. Rd1 Bd2 61. Rg1 Be6 62. Rg7+ Kf6 63. Rc7 Re5 64. Be2 Kf5 65. Kg2 Bc3 66. Rcc6 Rd5 67. Rxe6 Rd2 68. Kf1 Rd8 69. Rh6 Kg5 70. h4+ 1-0

[Event "23rd ETCC Women 2021"]
[Site "Catez"]
[Date "2021.11.14"]
[Round "3.41"]
[White "Zaksaite, Salomeja"]
[Black "Cramling, Pia"]
[Result "0-1"]
[ECO "B80"]
[WhiteElo "2250"]
[BlackElo "2457"]
[Annotator "ChessBase"]
[PlyCount "114"]
[EventDate "2021.11.08"]
[EventType "team-tourn"]
[EventCountry "SLO"]
[SourceTitle "playchess.com"]
[Source "ChessBase"]
[SourceQuality "1"]
[WhiteTeam "Lithuania"]
[BlackTeam "Sweden"]
[WhiteTeamCountry "LTU"]
[BlackTeamCountry "SWE"]
[TimeControl "40/5400+30:1800+30"]

1. e4 c5 2. Nf3 e6 3. d4 cxd4 4. Nxd4 Nc6 5. Nc3 a6 6. g3 d6 7. Bg2 Bd7 8. O-O Nf6 9. Be3 Be7 10. f4 Qc7 11. Nb3 Rb8 12. Kh1 b5 13.
a3 b4 14. axb4 Nxb4 15. e5 dxe5 16. fxe5 Nfd5 17. Nxd5 Nxd5 18. Bxd5 exd5 19. e6 Bxe6 20. Bf4 Bd6 21. Rxa6 Bxf4 22. Rxf4 O-O 23. Nd4 Bc8 24. Rc6 Qe5 25. b3 Re8 26. Kg2 Bd7 27. Rc3 g5 28. Rf2 Qe4+ 29. Kg1 Bg4 30. Qd2 h6 31. Qd3 Ra8 32. Qxe4 Rxe4 33. Nf3 Bh3 34. Nd2 Ra1+ 35. Nf1 Ree1 36. Rcf3 f5 37. Rxf5 Bxf5 38. Rxf5 g4 39. Rf4 h5 40. Rf5 d4 41. Rf4 Rab1 42. Kg2 Rec1 43. Kg1 Kg7 44. Rf2 Kg6 45. Rf4 Rd1 46. Rf2 Rb2 47. Rg2 Kf6 48.
Rf2+ Ke5 49. Re2+ Kd6 50. b4 Rbb1 51. Rf2 Rxb4 52. Kg2 Rbb1 53. Rf5 Rb2 54. Rf2 Rbb1 55. Kg1 Kc5 56. Rf5+ Kc4 57. Kg2 Rbc1 0-1

[Event "23rd ETCC Women 2021"]
[Site "Catez"]
[Date "2021.11.14"]
[Round "3.42"]
[White "Agrest, Inna"]
[Black "Baginskaite, Kamile"]
[Result "1-0"]
[ECO "B99"]
[WhiteElo "2258"]
[BlackElo "2100"]
[Annotator "NA"]
[PlyCount "91"]
[EventDate "2021.11.08"]
[EventType "team-tourn"]
[EventCountry "SLO"]
[SourceTitle "playchess.com"]
[Source "ChessBase"]
[SourceQuality "1"]
[WhiteTeam "Sweden"]
[BlackTeam "Lithuania"]
[WhiteTeamCountry "SWE"]
[BlackTeamCountry "LTU"]
[TimeControl "40/5400+30:1800+30"]

1. e4 c5 2. Nf3 d6 3. d4 cxd4 4. Nxd4 Nf6 5. Nc3 a6 6. Bg5 e6 7. f4 Be7 8. Qf3 Qc7 9. O-O-O Nbd7 10. g4 b5 11. Bxf6 Nxf6 12. g5 Nd7 13.
f5 O-O 14. Rg1 b4 15. Nce2 e5 16. f6 exd4 17. fxe7 Re8 18. Nxd4 Ne5 19. Qh5 Rxe7 20. Rg3 Ng6 21. Bd3 d5 22. Nf5 Bxf5 23. exf5 Nf4 24. Qf3 Rc8 25. Rg4 Nxd3+ 26. Qxd3 Re3 27. Qd2 Re4 28. Rg2 Rc4 29. Kb1 a5 30. g6 hxg6 31. fxg6 fxg6 32. Qxd5+ Qf7 33. b3 R4c6 34. Qxa5 Qf5 35. Qxf5 gxf5 36. Rd7 g6 37. Rb7 f4 38. Rxb4 Rf8 39. Rf2 g5 40. h4 gxh4 41. Rbxf4 Rxf4 42. Rxf4 Rh6 43. a4 h3 44. Rf1 h2 45. Rh1 Kf7 46. a5 1-0

[Event "23rd ETCC Women 2021"]
[Site "Catez"]
[Date "2021.11.14"]
[Round "3.43"]
[White "Simkunaite, Gabija"]
[Black "Andric, Jelena"]
[Result "1-0"]
[ECO "B09"]
[WhiteElo "1962"]
[BlackElo "2041"]
[Annotator "NA"]
[PlyCount "97"]
[EventDate "2021.11.08"]
[EventType "team-tourn"]
[EventCountry "SLO"]
[SourceTitle "playchess.com"]
[Source "ChessBase"]
[SourceQuality "1"]
[WhiteTeam "Lithuania"]
[BlackTeam "Sweden"]
[WhiteTeamCountry "LTU"]
[BlackTeamCountry "SWE"]
[TimeControl "40/5400+30:1800+30"]

1. e4 d6 2. d4 Nf6 3. Nc3 g6 4. f4 Bg7 5. Nf3 c6 6. e5 dxe5 7. fxe5 Nd5 8. Bc4 h6 9. O-O O-O 10. Ne4 b5 11. Bb3 a5 12. a4 b4 13. Bd2 f5 14. exf6 exf6 15.
c4 bxc3 16. bxc3 Kh7 17. c4 Nb6 18. c5 Nd5 19. Nd6 Ba6 20.
Re1 Ra7 21. Bxd5 cxd5 22. Qb3 f5 23. Bc3 Nd7 24. Qxd5 Nf6 25.
Qb3 Ne4 26. Nxe4 fxe4 27. Rxe4 Bb7 28. Rae1 Bxe4 29. Rxe4 Raf7 30. Qc2 Qf6 31. Qe2 Qd8 32. Qe1 Qd5 33. h3 g5 34. Kh2 Rf4 35. Rxf4 Rxf4 36. Qe3 Re4 37. Qd3 Kg8 38. Qa6 Qd8 39. Qb6 Qf8 40. Qc7 Rf4 41. Qd7 Rf7 42. Qd5 Kh8 43. Ne5 Bxe5+ 44. Qxe5+ Kg8 45. d5 Rf1 46. d6 Rd1 47. Qh8+ Kf7 48. Qf6+ Ke8 49. Qe6+ 1-0

[Event "23rd ETCC Women 2021"]
[Site "Catez"]
[Date "2021.11.14"]
[Round "3.44"]
[White "Zaritovskaja, Margarita"]
[Black "Sibajeva, Marija"]
[Result "0-1"]
[ECO "B01"]
[WhiteElo "2040"]
[BlackElo "1946"]
[Annotator "NA"]
[PlyCount "72"]
[EventDate "2021.11.08"]
[EventType "team-tourn"]
[EventCountry "SLO"]
[SourceTitle "playchess.com"]
[Source "ChessBase"]
[SourceQuality "1"]
[WhiteTeam "Sweden"]
[BlackTeam "Lithuania"]
[WhiteTeamCountry "SWE"]
[BlackTeamCountry "LTU"]
[TimeControl "40/5400+30:1800+30"]

1. e4 d5 2. exd5 Qxd5 3. Nc3 Qa5 4. d4 Nf6 5. Nf3 Bf5 6. Ne5 c6 7. Bc4 e6 8. g4 Bg6 9. Bd2 Qb6 10. Nxg6 hxg6 11. Qe2 Qxd4 12. O-O-O Qxg4 13. f3 Qh3 14. Bg5 Be7 15. Ne4 Nbd7 16. Ng3 O-O-O 17. a4 Nc5 18. Rxd8+ Rxd8 19. a5 a6 20. Qe3 Nd5 21. Bxd5 Bxg5 22. Qxg5 Rxd5 23. Qe7 Qh6+ 24. Kb1 Qf4 25. Qf8+ Kc7 26. Qxg7 Qxf3 27. Rf1 Rd1+ 28. Rxd1 Qxd1+ 29. Ka2 Qxc2 30. Qxf7+ Kb8 31.
Qe8+ Ka7 32. Qd8 Qb3+ 33. Kb1 Nd3 34. Qd4+ c5 35. Qf6 Qd1+ 36. Ka2 Nb4+ 0-1

[Event "23rd ETCC Women 2021"]
[Site "Catez"]
[Date "2021.11.14"]
[Round "3.45"]
[White "Shvayger, Yuliya"]
[Black "Ptacnikova, Lenka"]
[Result "1-0"]
[ECO "B45"]
[WhiteElo "2351"]
[BlackElo "2200"]
[Annotator "NA"]
[PlyCount "77"]
[EventDate "2021.11.08"]
[EventType "team-tourn"]
[EventCountry "SLO"]
[SourceTitle "playchess.com"]
[Source "ChessBase"]
[SourceQuality "1"]
[WhiteTeam "Israel"]
[BlackTeam "Iceland"]
[WhiteTeamCountry "ISR"]
[BlackTeamCountry "ISL"]
[TimeControl "40/5400+30:1800+30"]

1. e4 c5 2. Nf3 e6 3. d4 cxd4 4. Nxd4 Nf6 5. Nc3 Nc6 6. a3 Be7 7. Be3 O-O 8. Be2 d5 9. exd5 Nxd5 10. Nxd5 Qxd5 11. Bf3 Qa5+ 12. b4 Qc7 13. Nxc6 bxc6 14. Qd3 Bb7 15. O-O a5 16. Qb3 Rfb8 17. c4 Bd6 18. h3 c5 19. Bxb7 Rxb7 20. b5 f5 21. Rad1 a4 22. Qd3 Bh2+ 23.
Kh1 Be5 24. Rfe1 Re8 25. Qc2 f4 26. Bc1 Bd4 27. Re4 g5 28.
Bb2 e5 29. Bxd4 cxd4 30. Rdxd4 Rxb5 31. Qxa4 Rb1+ 32. Kh2 Re7 33. Rd5 f3 34. gxf3 Qb6 35. Kg2 Qb2 36. Rb5 Qc1 37. Rxb1 Qxb1 38. Qb4 Rb7 39. Qd6 1-0

[Event "23rd ETCC Women 2021"]
[Site "Catez"]
[Date "2021.11.14"]
[Round "3.46"]
[White "Thorsteinsdottir, Hallgerdur"]
[Black "Klinova, Masha"]
[Result "0-1"]
[ECO "C54"]
[WhiteElo "2010"]
[BlackElo "2264"]
[Annotator "NA"]
[PlyCount "50"]
[EventDate "2021.11.08"]
[EventType "team-tourn"]
[EventCountry "SLO"]
[SourceTitle "playchess.com"]
[Source "ChessBase"]
[SourceQuality "1"]
[WhiteTeam "Iceland"]
[BlackTeam "Israel"]
[WhiteTeamCountry "ISL"]
[BlackTeamCountry "ISR"]
[TimeControl "40/5400+30:1800+30"]

1. e4 e5 2. Nf3 Nc6 3. Bc4 Nf6 4. d3 Bc5 5. h3 d6 6. c3 a6 7. Bb3 O-O 8. Nbd2 Be6 9. O-O h6 10. Re1 Re8 11. Nf1 d5 12. Bc2 d4 13.
Ng3 b5 14. Nf5 Bxf5 15. exf5 Qd7 16. g4 Rad8 17. a3 dxc3 18.
bxc3 e4 19. d4 exf3 20. Be3 Be7 21. Qxf3 Qd5 22. Qd1 Na5 23. h4 Nh7 24. Bf4 Bd6 25. Be3 Nc4 0-1